 Dungeon Crawl Stone Soup version 0.31-a0-986-g5e6e4ef867 (webtiles) character file.

Game seed: 14262269876688674724

490 dialectric the Cutter (level 6, -1/59 HPs)
             Began as a Troll Wanderer on Nov 23, 2023.
             Was an Initiate of Gozag.
             Slain by an ice beast (13 damage)
             ... on level 5 of the Dungeon.
             The game lasted 00:07:37 (3764 turns).

dialectric the Cutter (Troll Wanderer)              Turns: 3764, Time: 00:07:38

Health: -1/59      AC:  4    Str: 20    XL:     6   Next: 90%
Magic:  8/8        EV: 10    Int: 15    God:    Gozag
Gold:   155        SH:  0    Dex: 11    Spells: 8/9 levels left

rFire   . . .        a - +1 short sword
rCold   . . .        (no shield)
rNeg    . . .        c - +0 robe
rPois   .            (helmet restricted)
rElec   .            (no cloak)
rCorr   +            (gloves unavailable)
SInv    .            (boots unavailable)
Will    .....        (no amulet)
Stlth   +            h - +6 ring of intelligence
HPRegen 1.89/turn    m - ring of resist corrosion
MPRegen 0.11/turn

%: no passive effects
@: no status effects
A: large, unfitting armour, claws 3, regeneration 2, shaggy fur 1, tough skin 1,
MP-powered wands
a: Renounce Religion, Potion Petition, Call Merchant, Bribe Branch


You were on level 5 of the Dungeon.
You worshipped Gozag.
Gozag was aware of your devotion.
You visited 2 branches of the dungeon, and saw 6 of its levels.
You also visited: Sewer.

You collected 395 gold pieces.
You spent 156 gold pieces at shops.
You paid 84 gold pieces to Gozag.

Inventory:

Hand Weapons
 a - a +1 short sword (weapon)
 r - a +0 flail
Armour
 c - a +0 robe (worn)
 p - an orb of guile
Jewellery
 h - a +6 ring of intelligence (left claw)
 m - a ring of resist corrosion (right claw)
Talismans
 g - a dragon-blood talisman
Wands
 f - a wand of flame (22)
 j - a wand of roots (7)
 s - a wand of polymorph (5)
 z - a wand of quicksilver (11)
Scrolls
 b - 3 scrolls of teleportation
 k - 2 scrolls of fear {unknown}
 n - 5 scrolls of enchant armour
 v - a scroll of summoning {unknown}
 y - a scroll of immolation {unknown}
Potions
 d - a potion of attraction {unknown}
 e - 2 potions of resistance
 i - a potion of berserk rage
 l - a potion of might
 o - a potion of lignification
 q - a potion of invisibility
 t - a potion of mutation
 u - 2 potions of brilliance
 w - a potion of haste
 x - a potion of degeneration
 A - 2 potions of heal wounds {unknown}


   Skills:
 + Level 2.8 Fighting
 * Level 3.7 Short Blades
 * Level 3.3 Dodging
 + Level 2.0 Spellcasting
 - Level 3.0 Air Magic


You had 8 spell levels left.
You knew the following spells:

 Your Spells              Type           Power      Damage    Failure   Level
a - Shock                 Conj/Air       24%        1d4       12%         1

Your spell library contained the following spells:

 Spells                   Type           Power      Damage    Failure   Level
 Cigotuvi's Dreadful Rot  Necr/Pois/Air  8%         N/A       22%         2
 Mephitic Cloud           Conj/Pois/Air  4%         N/A       41%         3
 Stone Arrow              Conj/Erth      2%         3d7       54%         3
 Animate Armour           Summ/Erth      2%         N/A       91%         4
 Lehudib's Crystal Spear  Conj/Erth      0%         10d2      100%        8


Dungeon Overview and Level Annotations

Branches:
Dungeon (5/15)             Temple (1/1) D:4           Sewer (visited)

Altars:
Elyvilon
Gozag
Kikubaaqudgha
Ru
Sif Muna
Trog
Vehumet
Wu Jian
Xom
Yredelemnul
Zin
The Shining One

Shops:
D:3 ?:?   D:4 *


Innate Abilities, Weirdness & Mutations

You are too large for most types of armour.
You have claws for hands.
You heal very quickly.
You are covered in fur. (AC +1)
You have tough skin. (AC +1)
You expend magic power (3 MP) to strengthen your wands.


Message History

Okay, then.
You hit the ice beast.
The ice beast is lightly wounded.
The ice beast barely misses you.
You hit the ice beast but do no damage.
The ice beast is lightly wounded.
The ice beast hits you. The ice beast freezes you!
You closely miss the ice beast.
The ice beast is lightly wounded.
The ice beast hits you. The ice beast freezes you!
You hit the ice beast.
The ice beast is lightly wounded.
The ice beast completely misses you.
You hit the ice beast.
The ice beast is moderately wounded.
You barely miss the ice beast.
The ice beast is moderately wounded.
The ice beast barely misses you.
You hit the ice beast.
The ice beast is heavily wounded.
The ice beast hits you but does no damage.
You hit the ice beast.
The ice beast is heavily wounded.
The ice beast hits you but does no damage.
You hit the ice beast.
The ice beast is heavily wounded.
The ice beast hits you. The ice beast freezes you!
You hit the ice beast but do no damage.
The ice beast is heavily wounded.
You hit the ice beast.
The ice beast is severely wounded.
The ice beast hits you. The ice beast freezes you!
* * * LOW HITPOINT WARNING * * *
You hit the ice beast but do no damage.
The ice beast is severely wounded.
The ice beast hits you.
* * * LOW HITPOINT WARNING * * *
The ice beast freezes you!
You die...
Your body crumbles into a pile of gold.

#####. #.... ... #.
#.#[# ... . #.#.# #.#
## #.#.# #$### #.#
#.#.# ##...#.#.# #.#.#
....#....
##.#.########.=....#.
#.........@Yo........
#..#.########.....#.#
###..#.# #[.###...
#......########..# .
#.#..............#
#.#.#############......
#.#.######## ######
#.#........#
#.########.# #.#..


You could see an ice beast and an orc.

Vanquished Creatures
  Pargi (Sewer)
  A phantom (D:4)
  2 hounds
  A sleepcap (D:4)
  2 iguanas
  An orc wizard (D:3)
  4 adders
  3 river rats (D:4)
  2 worms
  A dart slug (D:1)
  5 orcs
  4 bats
  3 endoplasms
  6 giant cockroaches
  10 goblins
  6 hobgoblins
  3 jackals (D:2)
  2 quokkas (D:2)
  12 ball pythons
  5 frilled lizards
  8 kobolds
  12 rats
94 creatures vanquished.

Notes
Turn   | Place    | Note
-------+----------+-------------------------------------------
     0 | D:1      | dialectric the Troll Wanderer began the quest for the Orb.
     0 | D:1      | dialectric set off with the following items: a +1 short
                  | sword, a scroll of teleportation, a +0 robe; and the
                  | following spell memorised: Shock; and the following spells
                  | available to memorise: Cigotuvi's Dreadful Rot, Mephitic
                  | Cloud.
     0 | D:1      | Reached XP level 1. HP: 19/19 MP: 1/1
   259 | D:1      | Reached XP level 2. HP: 26/28 MP: 2/2
   309 | D:1      | Reached skill level 1 in Dodging
   825 | D:2      | Reached XP level 3. HP: 34/35 MP: 3/3
   919 | D:2      | Found a faded altar of an unknown god.
  1164 | D:2      | Reached XP level 4. HP: 42/42 MP: 4/4
  1489 | D:3      | Found Cezos's Magic Scroll Emporium.
  1493 | D:3      | Bought a scroll of teleportation for 42 gold pieces
  1783 | D:3      | Found Ribeshropsa's Book Boutique.
  1858 | D:3      | Found Pira's Magic Scroll Shop.
  1870 | D:3      | Bought a scroll of enchant armour for 97 gold pieces
  1872 | D:3      | Noticed a phantom
  1933 | D:4      | Found a sacrificial altar of Ru.
  2047 | D:4      | Reached XP level 5. HP: 15/49 MP: 6/6
  2301 | D:4      | Found a glowing drain.
  2311 | Sewer    | Entered a sewer
  2344 | Sewer    | Noticed Pargi
  2374 | Sewer    | Killed Pargi
  2493 | D:4      | Found a staircase to the Ecumenical Temple.
  2512 | Temple   | Entered the Ecumenical Temple
  2581 | Temple   | Became a worshipper of Gozag Ym Sagoz the Greedy
  2601 | D:4      | Noticed a phantom
  2647 | D:4      | Killed a phantom
  2648 | D:4      | Reached XP level 6. HP: 20/59 MP: 7/7
  3029 | D:4      | Found Paelluc's Assorted Antiques.
  3089 | D:4      | Bought a scroll labelled PUMIUGHY ZYEGA for 17 gold pieces
  3234 | D:4      | Gained mutation: You expend magic power (3 MP) to
                  | strengthen your wands. [potion of mutation]
  3234 | D:4      | Gained mutation: You heal very quickly. [potion of
                  | mutation]
  3469 | D:5      | Entered Level 5 of the Dungeon
  3473 | D:5      | Found a radiant altar of Vehumet.
  3745 | D:5      | Noticed an ice beast
  3764 | D:5      | Slain by an ice beast

Illustrated notes

Levels and vault maps discovered:
D:1:      spicycebolla_green_bress_n_ham, layout_rooms, serial_rivers,
          chequers_serial_rivers_small_3, chequers_serial_rivers_marsh,
          chequers_serial_rivers_room_b, chequers_serial_rivers_room_a,
          chequers_serial_rivers_micro_a, chequers_serial_rivers_large_b,
          grunt_decor_resistance, hangedman_decor_clover_reticule,
          dreamdust_wishing_well, due_unseen_surprise
D:2:      layout_loops_ring, hellmonk_ecumenical_altar_lost_god,
          minmay_misc_feat_five
D:3:      layout_basic, serial_shops, shop, shop, nicolae_shop_hallway_stairs,
          nicolae_shop_bloodbath_and_beyond, uniq_ijyb
D:4:      layout_basic, mainiacjoe_overflow_tiny_flanked,
          minmay_temple_entry_gardened_gates, gup_sewer_entry_bubbles,
          serial_shops, nicolae_shop_getting_attention
D:5:      layout_loops_ring, mainiacjoe_overflow_concentric_impassable
Temple:   nicolae_temple_bog_church

Skill      XL: |  1  2  3  4  5  6 |
---------------+-------------------+-----
Dodging        | 1 2 3 |  3.3
Fighting       | 2 |  2.8
Air Magic      | 3 |  3.0
Short Blades   | 3 |  3.7
Spellcasting   | 2 |  2.0

Action                     |  1- 3 |  4- 6 || total
---------------------------+-------+-------++-------
  Melee: Short sword       |   232 |   414 ||   646
         Punch             |     2 |     3 ||     5
  Evoke: Wand              |       |     2 ||     2
    Use: Potion            |       |     5 ||     5
         Scroll            |       |     6 ||     6
   Stab: Invisible         |       |     5 ||     5
 Armour: Robe              |   161 |   247 ||   408
  Dodge: Dodged            |    96 |   196 ||   292

Table legend: (Time is in decaauts)
 A = Elapsed time spent in this place.
 B = Non-inter-level travel time spent in this place.
 C = Inter-level travel time spent in this place.
 D = Time resting spent in this place.
 E = Time spent auto-exploring this place.
 F = Levels seen in this place.
 G = Mean time per level.
                   A        B        C        D        E       F      G
               +--------+--------+--------+--------+--------+-----+--------+
         Total |   3655 |   3516 |    139 |      0 |   2257 |   7 |  522.1 |
       Dungeon |   3441 |   3316 |    125 |      0 |   2217 |   5 |  688.2 |
        Temple |     83 |     69 |     14 |      0 |      0 |   1 |   83.0 |
         Sewer |    130 |    130 |      0 |      0 |     40 |   1 |  130.0 |
               +--------+--------+--------+--------+--------+-----+--------+

Top non-repeatable levels by time:
     D:4: 1301 daAuts
     D:1: 760 daAuts
     D:2: 694 daAuts
     D:3: 399 daAuts
     D:5: 285 daAuts
   Sewer: 130 daAuts
  Temple: 83 daAuts
